 Dungeon Crawl Stone Soup version 0.30-a0-778-g2ef04afb54 (webtiles) character file.

Game seed: 16456915398033341351

14046 FallingFreak the Basher (level 11, -2/102 HPs)
             Began as a Troll Warper on Feb 14, 2023.
             Was an Elder of the Shining One.
             Slain by a water elemental (10 damage)
             ... on level 11 of the Dungeon on Feb 15, 2023.
             The game lasted 02:32:56 (16095 turns).

FallingFreak the Basher (Troll Warper)             Turns: 16095, Time: 02:32:57

Health: -2/102     AC:  7    Str: 21      XL:     11   Next: 83%
Magic:  18/18      EV: 11    Int: 13      God:    the Shining One [****..]
Gold:   791        SH:  0    Dex:  8 (9)  Spells: 10/21 levels left

rFire   + . .      SeeInvis .    a - +2 dire flail (holy)
rCold   . . .      Faith    .    (shield currently unavailable)
rNeg    + + .      Spirit   .    u - +0 robe {Archmagi}
rPois   .          Reflect  .    (helmet restricted)
rElec   .          Harm     .    p - +2 cloak
rCorr   .          Rampage  .    (gloves unavailable)
Will    .....      Archmagi +    (boots unavailable)
Stlth   +                        x - amulet of the acrobat {@P7}
HPRegen 1.17/turn                q - ring of protection from fire
MPRegen 0.16/turn                A - ring of wizardry

@: engulfed (cannot breathe), flying, glowing
A: large, unfitting armour, claws 3, regeneration 1, shaggy fur 1, tough skin 1
a: Renounce Religion, Divine Shield, Cleansing Flame


You were on level 11 of the Dungeon.
You worshipped the Shining One.
The Shining One was greatly pleased with you.
You visited 3 branches of the dungeon, and saw 13 of its levels.

You collected 791 gold pieces.

Inventory:

Hand Weapons
 a - a +2 dire flail of holy wrath (weapon)
 b - a +0 battleaxe of venom
 t - a +0 dagger of venom
 D - a +0 giant club
Missiles
 c - 68 stones
 d - 7 boomerangs of dispersal {!f}
 k - 10 boomerangs
 r - 11 poisoned darts
 w - 5 large rocks
 L - 3 curare-tipped darts
Armour
 p - a +2 cloak (worn)
 u - a +0 robe of the Archmagi (worn)
Magical Staves
 O - a staff of cold {@w3!a}
Jewellery
 q - a ring of protection from fire (left claw)
 x - an amulet of the acrobat (around neck) {@P7}
 A - a ring of wizardry (right claw)
 B - a ring of ice
Wands
 i - a wand of digging (8)
 n - a wand of iceblast (19)
 o - a wand of flame (38)
 K - a wand of charming (5)
 P - a wand of polymorph (4)
Scrolls
 f - 3 scrolls of blinking
 g - 7 scrolls of teleportation
 h - a scroll of enchant weapon {unknown}
 j - a scroll of poison {unknown}
 s - 2 scrolls of fog {unknown}
 z - a scroll of vulnerability {unknown}
 F - 2 scrolls of fear
 G - a scroll of magic mapping {unknown}
 H - a scroll of torment {unknown}
Potions
 e - 3 potions of might {unknown}
 l - a potion of haste {unknown}
 m - 5 potions of flight {@q1}
 v - a potion of mutation {unknown}
 C - 4 potions of curing {unknown}


   Skills:
 + Level 5.1 Fighting
 + Level 8.2 Maces & Flails
 - Level 3.4 Throwing
 + Level 7.5 Dodging
 + Level 5.7 Spellcasting
 + Level 7.0 Translocations
 - Level 4.0 Invocations
 - Level 1.1 Evocations


You had 10 spell levels left.
You knew the following spells:

 Your Spells              Type           Power      Damage    Failure   Level
c - Blink                 Tloc           66%        N/A       1%          2
g - Manifold Assault      Tloc           33%        N/A       4%          4
A - Teleport Other        Tloc           33%        N/A       1%          3
Z - Lesser Beckoning      Tloc           66%        N/A       1%          2

Your spell library contained the following spells:

 Spells                   Type           Power      Damage    Failure   Level
 Vhi's Electric Charge    Tloc/Air       38%        N/A       4%          3
 Magic Dart               Conj           20%        1d4       7%          1
 Necrotise                Necr           20%        1d5       7%          1
 Sting                    Tmut/Pois      20%        1d4       7%          1
 Call Imp                 Summ           5%         N/A       11%         2
 Poisonous Vapours        Pois/Air       10%        N/A       11%         2
 Mephitic Cloud           Conj/Pois/Air  5%         N/A       21%         3
 Ozocubu's Armour         Ice            5%         N/A       21%         3
 Vampiric Draining        Necr           5%         2d6       21%         3
 Animate Armour           Summ/Erth      10%        N/A       52%         4
 Olgreb's Toxic Radiance  Pois           5%         N/A       52%         4
 Agony                    Necr           5%         N/A       86%         5
 Blade Hands              Tmut           2%         N/A       86%         5
 Metabolic Englaciation   Hex/Ice        2%         N/A       86%         5
 Iron Shot                Conj/Erth      2%         9d2       100%        6
 Simulacrum               Ice/Necr       2%         N/A       100%        6


Dungeon Overview and Level Annotations

Branches:
Dungeon (11/15) Zot: 24933  Temple (1/1) D:6 Zot: 5875    Lair (1/5) D:9 Zot: 5994
    Orc (0/2) D:11

Altars:
Ashenzari
Cheibriados
Dithmenos
Elyvilon
Fedhas
Gozag
Hepliaklqana
Kikubaaqudgha
Makhleb
Nemelex Xobeh
Okawaru
Qazlal
Ru
Sif Muna
Trog
Uskayaw
Vehumet
Wu Jian
Xom
Yredelemnul
Zin
The Shining One

Annotations:
D:10 Urug
Temple Prince Ribbit


Innate Abilities, Weirdness & Mutations

You are too large for most types of armour.
You have claws for hands.
Your natural rate of healing is unusually fast.
You are covered in fur. (AC +1)
You have tough skin. (AC +1)


Message History

The water elemental is lightly damaged.
Your lungs strain for air!
The water elemental hits you.
You hit the water elemental but do no damage.
The water elemental is lightly damaged.
Your lungs strain for air!
You puncture the water elemental!
The water elemental is heavily damaged.
Your lungs strain for air!
The water elemental closely misses you.
You barely miss the water elemental.
The water elemental is heavily damaged.
Your lungs strain for air!
The water elemental closely misses you.
You hit the water elemental.
The water elemental is heavily damaged.
Your lungs strain for air!
The water elemental hits you!!
* * * LOW HITPOINT WARNING * * *
You hit the water elemental but do no damage.
The water elemental is heavily damaged.
* * * LOW HITPOINT WARNING * * *
Your lungs strain for air!
The water elemental hits you!
* * * LOW HITPOINT WARNING * * *
Okay, then.
You cannot read scrolls while unable to breathe!
You barely miss the water elemental.
The water elemental is heavily damaged.
* * * LOW HITPOINT WARNING * * *
Your lungs strain for air!
The water elemental closely misses you.
Okay, then.
It was a potion of flight.
You feel very buoyant.
You fly up into the air.
* * * LOW HITPOINT WARNING * * *
Your lungs strain for air!
The water elemental hits you!
You die... #.##################.###### #.....VoE@................. ###########################

You could see a water elemental, a vampire and an orc warrior.

Vanquished Creatures
  2 two-headed ogres
  2 boulder beetles (D:9)
  Pikel (D:8)
  An ugly thing (D:9)
  A cyclops (D:11)
  A gargoyle (D:11)
  An efreet (D:11)
  2 komodo dragons
  A red devil (D:11)
  A troll (D:11)
  A hornet (D:9)
  A wraith (D:9)
  11 yaks
  A vampire (D:11)
  2 wyverns
  4 steam dragons
  2 water moccasins
  10 orc warriors
  An ice beast (Temple)
  5 sky beasts
  3 ogres
  A wolf (D:9)
  6 centaurs
  2 phantoms
  2 bullfrogs
  4 kobold brigands
  3 scorpions
  4 gnoll sergeants
  9 wights
  14 killer bees
  A howler monkey (D:8)
  3 electric eels (D:11)
  3 quasits
  3 jellies (D:4)
  A gnoll bouda (D:10)
  9 orc priests
  2 hounds (D:6)
  2 iguanas (D:6)
  11 orc wizards
  7 gnolls
  3 adders
  A shadow imp (D:5)
  A white imp (D:6)
  2 worms
  6 dart slugs
  44 orcs
  8 ball pythons
  6 bats
  9 endoplasms
  3 giant cockroaches
  7 goblins
  8 hobgoblins
  6 jackals (D:1)
  3 quokkas
  A frilled lizard (D:2)
  11 kobolds
  11 rats
271 creatures vanquished.

Vanquished Creatures (collateral kills)
  An ugly thing (D:9)
  A wight (D:9)
  2 orc wizards (D:9)
4 creatures vanquished.

Vanquished Creatures (others)
  2 centaurs (D:9)
  A lemure (D:9)
  A bullfrog (D:9)
  A wight (D:9)
  2 orc wizards
  10 demonic plants (D:11)
  11 plants (D:9)
28 creatures vanquished.

Grand Total: 303 creatures vanquished

Notes
Turn   | Place    | Note
-------+----------+-------------------------------------------
     0 | D:1      | FallingFreak the Troll Warper began the quest for the Orb.
     0 | D:1      | Reached XP level 1. HP: 19/19 MP: 1/1
    78 | D:1      | Found a faded altar of an unknown god.
   145 | D:1      | Reached XP level 2. HP: 28/28 MP: 3/3
   148 | D:1      | Learned a level 2 spell: Blink
   151 | D:1      | Reached skill level 2 in Maces & Flails
   321 | D:1      | Increase (s)trength, (i)ntelligence, or (d)exterity?
   321 | D:1      | Reached XP level 3. HP: 31/35 MP: 4/4
  1028 | D:2      | Reached XP level 4. HP: 37/42 MP: 5/5
  2319 | D:4      | Found an opulent altar of Gozag.
  2328 | D:4      | Found a glowing golden altar of the Shining One.
  2428 | D:4      | Became a worshipper of the Shining One
  2520 | D:4      | Reached skill level 1 in Throwing
  2520 | D:4      | Reached XP level 5. HP: 49/49 MP: 6/6
  2805 | D:5      | Entered Level 5 of the Dungeon
  2825 | D:5      | Learned a level 3 spell: Teleport Other
  2971 | D:5      | Noticed an ice beast
  3117 | D:5      | Reached skill level 3 in Maces & Flails
  3117 | D:5      | Reached XP level 6. HP: 57/57 MP: 8/8
  3272 | D:5      | Noticed a steam dragon
  3282 | D:5      | Killed a steam dragon
  3573 | D:5      | Reached XP level 7. HP: 56/65 MP: 9/9
  3799 | D:6      | Reached * piety under the Shining One
  3913 | D:6      | Found a staircase to the Ecumenical Temple.
  3941 | Temple   | Entered the Ecumenical Temple
  4022 | Temple   | Reached skill level 4 in Maces & Flails
  4101 | D:6      | Reached XP level 8. HP: 72/72 MP: 11/11
  4515 | D:6      | Learned a level 2 spell: Lesser Beckoning
  5059 | D:7      | Noticed Prince Ribbit
  5341 | D:7      | Reached skill level 5 in Maces & Flails
  5478 | D:7      | Increase (s)trength, (i)ntelligence, or (d)exterity?
  5478 | D:7      | Reached XP level 9. HP: 60/81 MP: 13/13
  5698 | D:7      | Reached ** piety under the Shining One
  6142 | D:7      | Reached skill level 1 in Invocations
  6442 | D:7      | Identified a scroll of acquirement
  6675 | D:8      | Reached skill level 5 in Dodging
  7649 | D:7      | Reached skill level 5 in Translocations
  8105 | D:9      | Paralysed by a hornet for 1 turns
  8127 | D:9      | Noticed a red ugly thing
  8150 | D:9      | Killed a red ugly thing
  8151 | D:9      | Reached skill level 6 in Maces & Flails
  8195 | D:9      | Found a broken altar of Ashenzari.
  8250 | D:9      | Reached XP level 10. HP: 37/91 MP: 15/15
  8318 | D:9      | Noticed Pikel
  8345 | D:8      | Killed Pikel
  8453 | D:9      | Found a staircase to the Lair.
  8525 | D:8      | Reached skill level 1 in Evocations
  8607 | D:9      | You miscast Lesser Beckoning.
  9389 | D:9      | Noticed a white ugly thing
  9861 | D:9      | Learned a level 4 spell: Manifold Assault
  9861 | D:9      | Upgraded the game from 0.30-a0-777-ga9a30cbeda to
                  | 0.30-a0-778-g2ef04afb54
 10133 | Lair:1   | Entered Level 1 of the Lair of Beasts
 10156 | D:9      | Reached skill level 7 in Maces & Flails
 10246 | D:10     | Entered Level 10 of the Dungeon
 10304 | D:10     | Reached *** piety under the Shining One
 10530 | D:10     | Noticed a two-headed ogre
 11096 | D:10     | You miscast Manifold Assault.
 11221 | D:9      | Reached skill level 5 in Spellcasting
 11413 | D:9      | Reached XP level 11. HP: 76/98 MP: 17/17
 11438 | D:9      | Noticed a boulder beetle
 11447 | D:9      | Killed a white ugly thing
 11526 | D:9      | Noticed a boulder beetle
 11602 | D:9      | Noticed a two-headed ogre
 11621 | D:9      | HP: 4/98 [boulder beetle (10)]
 11627 | D:9      | Killed a boulder beetle
 12138 | D:10     | Noticed Urug
 12666 | D:10     | Killed a two-headed ogre
 13208 | D:9      | Killed a two-headed ogre
 13730 | D:9      | Killed a boulder beetle
 14573 | D:11     | Found a staircase to the Orcish Mines.
 14573 | D:11     | Reached **** piety under the Shining One
 14911 | D:11     | You miscast Manifold Assault.
 14991 | D:11     | Reached skill level 8 in Maces & Flails
 15619 | D:11     | Reached skill level 5 in Fighting
 15774 | D:11     | You miscast Manifold Assault.
 16095 | D:11     | Slain by a water elemental

Illustrated notes

Levels and vault maps discovered:
D:1:      dreamdust_arrival_sigmund_warning, layout_loops_ring,
          ebering_ecumenical_altar_sacrificial
D:2:      layout_rooms
D:3:      layout_loops_ring, kennysheep_generic_room_14
D:4:      layout_gridville, mainiacjoe_overflow_swirl,
          kennysheep_generic_room_15
D:5:      layout_loops_cross
D:6:      layout_basic, minmay_temple_entry_wispy
D:7:      layout_basic, chequers_serial_rivers_room_b, kennysheep_potato,
          uniq_prince_ribbit1
D:8:      layout_cave_pods, chequers_garden
D:9:      wad_statue_garden, layout_rooms, mainiacjoe_overflow_alcove_1,
          david_lair_shrubbed, uniq_pikel
D:10:     layout_roguey, minmay_quadrilaterals, uniq_urug
D:11:     layout_basic, kennysheep_orc_monster_closet_entryway, serial_demonic,
          serial_demonic_e, serial_demonic_e, serial_demonic_f, serial_demonic_c
Temple:   hellmonk_temple_of_storms
Lair:1:   layout_cave_pods

Skill      XL: |  1  2  3  4  5  6  7  8  9 10 11 |
---------------+----------------------------------+-----
Dodging        | 2 3 4 5 6 7 |  7.5
Maces & Flails | 2 3 4 5 6 7 8 |  8.2
Fighting       | 2 3 5 |  5.1
Throwing       | 1 2 3 |  3.4
Spellcasting   | 2 3 4 5 |  5.7
Translocations | 3 4 5 6 7 |  7.0
Invocations    | 3 4 |  4.0
Evocations     | 1 |  1.1

Action                     |  1- 3 |  4- 6 |  7- 9 | 10-12 || total
---------------------------+-------+-------+-------+-------++-------
  Melee: Mace              |   147 |   141 |    42 |    18 ||   348
         Punch             |     3 |     1 |     4 |    13 ||    21
         Dagger            |       |    17 |   233 |   261 ||   511
         Hand axe          |       |       |    50 |     5 ||    55
         Whip              |       |       |       |   146 ||   146
         Quarterstaff      |       |       |       |     1 ||     1
         Dire flail        |       |       |       |   122 ||   122
         Battleaxe         |       |       |       |    33 ||    33
  Throw: Stone             |     3 |    26 |     6 |     5 ||    40
         Boomerang         |       |    19 |    75 |    39 ||   133
         Dart              |       |     9 |     5 |    36 ||    50
   Cast: Blink             |       |     1 |     5 |    18 ||    24
         Lesser Beckoning  |       |       |    15 |    25 ||    40
         Teleport Other    |       |       |     4 |    20 ||    24
         Manifold Assault  |       |       |       |    52 ||    52
 Invoke: Divine Shield     |       |       |       |     5 ||     5
  Evoke: Wand              |       |       |    19 |    31 ||    50
    Use: Scroll            |       |       |     6 |     1 ||     7
         Potion            |       |       |       |     1 ||     1
 Armour: Robe              |    55 |    43 |    94 |    96 ||   288
         Skin              |       |       |       |     3 ||     3
  Dodge: Dodged            |    73 |    73 |   185 |   302 ||   633
  Block: Other             |       |       |       |    17 ||    17

Table legend: (Time is in decaauts)
 A = Elapsed time spent in this place.
 B = Non-inter-level travel time spent in this place.
 C = Inter-level travel time spent in this place.
 D = Time resting spent in this place.
 E = Time spent auto-exploring this place.
 F = Levels seen in this place.
 G = Mean time per level.
                   A        B        C        D        E       F      G
               +--------+--------+--------+--------+--------+-----+--------+
         Total |  16175 |  15043 |   1132 |   4234 |   5731 |  13 | 1244.2 |
       Dungeon |  16045 |  14919 |   1126 |   4191 |   5690 |  11 | 1458.6 |
        Temple |    124 |    118 |      6 |     43 |     41 |   1 |  124.0 |
          Lair |      5 |      5 |      0 |      0 |      0 |   1 |    5.0 |
               +--------+--------+--------+--------+--------+-----+--------+

Top non-repeatable levels by time:
     D:9: 3288 daAuts
     D:8: 2342 daAuts
    D:10: 2006 daAuts
    D:11: 1954 daAuts
     D:7: 1801 daAuts
     D:4: 907 daAuts
     D:6: 861 daAuts
     D:5: 844 daAuts
     D:1: 826 daAuts
     D:3: 741 daAuts
     D:2: 470 daAuts
  Temple: 124 daAuts
  Lair:1: 5 daAuts
